Map: Ruins of Seras

Players

WinD

  • Race: Zerg Zerg
  • League: Master

EJK - Winner!

  • Race: Terran Terran
  • League: Master

VOD

Have the link to the VOD?

Description

Time

  • Played on: Nov. 14, 2015, 7:07 p.m.
  • Length: 18:04
Show
View Real Time Build Order
Export as new Build Order

WinD Zerg 

Build Orders: Hatch First 

Get SALT Encoding   

  12  0:02  Drone  
  13  0:17  Overlord  
  13  0:22  Drone  
  14  0:36  Drone x2  
  16  0:55  Hatchery  
  15  0:58  Drone x2  
  17  1:13  Spawning Pool  
  17  1:16  Extractor  
  16  1:18  Drone  
  16  1:26  Drone x2  
  18  1:33  Drone  
  19  1:46  Overlord  
  19  2:00  Zergling x2  
  20  2:05  Queen  
  20  2:08  Queen, Zergling x2  
  23  2:13  Drone  
  26  2:17  Drone  
  26  2:18  Metabolic Boost  
  26  2:21  Drone  
  28  2:28  Drone  
  29  2:31  Drone  
  30  2:43  Overlord  
  30  2:44  Queen  
  30  2:51  Drone x3  
  34  2:58  Overlord  
  35  3:07  Drone  
  35  3:10  Lair  
  35  3:11  Overlord  
  35  3:17  Drone x3  
  38  3:20  Drone  
  39  3:29  Zergling x6  
  39  3:32  Drone  
  43  3:34  Queen  
  43  3:40  Drone x2, Extractor x2  
  45  3:56  Drone x5  
  45  3:58  Roach Warren  
  45  3:59  Drone  
  50  4:05  Drone x2  
  50  4:08  Drone  
  53  4:14  Nydus Network  
  51  4:40  Queen  
  53  4:46  Roach x3  
  53  4:47  Overlord  
  53  4:48  Overlord x2  
  57  5:02  Roach  
  57  5:03  Roach  
  57  5:07  Roach  
  62  5:08  Roach x7  
  62  5:14  Nydus Canal  
  76  5:15  Overseer  
  76  5:16  Roach  
  78  5:22  Roach  
  80  5:29  Hatchery  
  79  5:38  Roach x2  
  81  5:47  Roach  
  73  6:02  Roach x7  
  73  6:03  Roach  
  81  6:14  Roach x3  
  81  6:18  Drone, Extractor  
  82  6:23  Drone  
  78  6:25  Evolution Chamber  
  78  6:26  Evolution Chamber  
  78  6:27  Roach  
  72  6:35  Drone  
  59  6:50  Drone x6  
  59  6:52  Zerg Missile Weapons Level 1, Zerg Ground Armor Level 1  
  59  6:53  Drone x3  
  64  6:54  Drone x2  
  64  6:55  Queen  
  58  7:19  Drone x2  
  58  7:22  Roach  
  70  7:23  Roach x9  
  78  7:35  Roach x4  
  86  7:43  Roach  
  86  7:44  Roach  
  90  7:47  Overlord x4  
  90  7:50  Overseer  
  90  8:07  Roach x5  
  90  8:09  Infestation Pit, Roach  
  101  8:13  Hatchery, Ravager x4  
  101  8:14  Ravager  
  101  8:16  Drone x2  
  107  8:28  Glial Reconstitution  
  107  8:32  Roach x3  
  113  8:34  Overlord x2  
  113  8:36  Overlord  
  113  8:37  Extractor  
  112  8:47  Zerg Missile Weapons Level 2  
  112  8:52  Overlord  
  112  8:53  Overlord x2, Extractor  
  111  9:03  Zerg Ground Armor Level 2  
  111  9:09  Drone x7  
  110  9:14  Roach x2  
  110  9:16  Ravager  
  112  9:23  Roach  
  112  9:24  Roach x2  
  118  9:30  Roach x3  
  124  9:34  Ravager  
  124  9:35  Ravager  
  124  9:38  Ravager  
  127  9:42  Roach x3  
  133  9:57  Roach x7  
  145  10:02  Overlord x3  
  145  10:11  Roach x3  
  145  10:13  Ravager  
  146  10:22  Pathogen Glands  
  146  10:24  Ravager  
  146  10:25  Ravager  
  148  10:31  Roach x4  
  148  10:32  Hatchery  
  155  10:39  Roach x4  
  155  10:44  Roach x2  
  155  10:47  Roach x2  
  154  10:57  Roach x4  
  148  11:04  Roach x2  
  148  11:05  Roach x2  
  148  11:06  Infestor  
  142  11:15  Roach x4  
  142  11:17  Infestor  
  136  11:26  Roach x4  
  136  11:28  Ravager  
  140  11:33  Roach x3  
  146  11:42  Roach  
  146  11:43  Roach x3  
  131  12:04  Roach  
  131  12:05  Roach x8  
  138  12:08  Roach  
  138  12:09  Roach x2  
  144  12:21  Roach x6  
  156  12:22  Overlord  
  156  12:26  Infestor  
  156  12:27  Infestor  
  160  12:34  Overseer  
  160  12:35  Overseer  
  160  12:44  Overlord x3  
  160  12:55  Ravager x3  
  160  12:56  Ravager  
  159  13:00  Drone  
  159  13:02  Drone x11  
  173  13:05  Roach  
  173  13:10  Ravager  
  173  13:11  Ravager x3  
  177  13:19  Roach x3, Extractor  
  182  13:29  Roach  
  180  13:44  Roach x3  
  168  14:02  Roach x11  
  162  14:09  Spire  
  155  14:22  Roach x6  
  141  14:44  Roach x12  
  150  14:47  Infestor x2  
  150  14:54  Extractor  
  138  15:01  Roach x2  
  138  15:02  Roach x2  
  139  15:07  Roach x2  
  139  15:08  Ravager  
  139  15:09  Ravager  
  139  15:11  Ravager  
  139  15:12  Ravager  
  147  15:20  Corruptor  
  145  15:22  Zergling x18  
  145  15:25  Zerg Melee Weapons Level 1  
  154  15:28  Queen  
  154  15:29  Corruptor  
  154  15:34  Ravager  
  155  15:46  Infestor  
  155  15:47  Zergling x2  
  155  15:48  Zergling x14  
  164  15:50  Infestor  
  165  15:58  Spore Crawler  
  165  15:59  Spore Crawler  
  165  16:02  Zergling x2  
  165  16:03  Zergling x8  
  167  16:10  Infestor  
  167  16:20  Overlord x3  
  166  16:38  Infestor  
  162  16:40  Zergling x2  
  162  16:41  Zergling x20  
  162  16:44  Ravager x5  
  176  17:04  Hatchery  
  174  17:09  Overlord x3  
  170  17:26  Swarm Host  
  170  17:27  Zergling x2  
  146  17:38  Zergling x18  
  146  17:39  Zergling x6  
Show
View Real Time Build Order
Export as new Build Order

EJK Terran - Winner!

Build Orders: Reaper Expand 

Get SALT Encoding   

  12  0:00  SCV  
  13  0:12  SCV  
  14  0:18  Supply Depot  
  14  0:25  SCV  
  15  0:39  SCV  
  15  0:40  Barracks  
  16  0:44  Refinery  
  16  0:51  SCV  
  17  1:03  SCV  
  18  1:15  SCV  
  19  1:28  Orbital Command  
  19  1:29  Reaper  
  20  1:45  Command Center  
  20  1:54  SCV  
  20  1:58  Supply Depot  
  20  2:01  Reaper  
  22  2:07  SCV  
  23  2:19  SCV  
  23  2:22  Factory  
  24  2:31  SCV  
  25  2:39  Command Center  
  25  2:41  Barracks Reactor  
  25  2:43  SCV  
  26  2:55  SCV, Refinery  
  26  2:58  Orbital Command  
  27  3:08  SCV  
  28  3:17  Factory  
  28  3:24  SCV x2  
  28  3:26  Hellion x2  
  34  3:27  Barracks Tech Lab  
  34  3:33  Bunker  
  34  3:37  SCV x2  
  36  3:49  SCV x2  
  36  3:50  Orbital Command  
  36  3:55  Hellion x2  
  42  4:01  SCV x2  
  44  4:08  Cyclone  
  44  4:09  Factory  
  47  4:13  SCV x2, Barracks Tech Lab  
  49  4:18  Refinery x2  
  49  4:21  Supply Depot  
  49  4:23  SCV  
  50  4:25  SCV  
  50  4:26  Hellion  
  52  4:32  Hellion  
  52  4:34  SCV  
  52  4:35  SCV  
  52  4:37  SCV  
  56  4:42  Cyclone  
  59  4:46  SCV  
  59  4:47  SCV, Supply Depot  
  59  4:51  SCV  
  62  4:57  Hellion x2  
  64  5:02  Supply Depot, Orbital Command  
  64  5:15  Supply Depot, Engineering Bay  
  64  5:18  Cyclone x2  
  64  5:20  Hellion x2  
  74  5:24  Supply Depot  
  74  5:33  SCV  
  74  5:34  SCV x2  
  75  5:43  Hellion  
  75  5:44  Hellion  
  76  5:55  SCV x3  
  75  5:57  Cyclone  
  75  5:58  Hellion  
  71  6:05  Hellion x2  
  68  6:11  SCV  
  68  6:12  SCV x2  
  65  6:24  SCV x3  
  64  6:29  Factory Tech Lab x2  
  60  6:36  SCV x3  
  60  6:37  Hellion x2, Barracks Tech Lab  
  67  6:40  Factory Tech Lab  
  67  6:41  Factory Tech Lab  
  64  6:48  SCV x3  
  63  6:55  Refinery  
  63  6:58  Marauder  
  63  7:00  SCV x3  
  68  7:07  Cyclone x2  
  74  7:09  Hellion  
  74  7:12  SCV x3  
  75  7:19  Marauder  
  77  7:24  SCV x3  
  77  7:25  Refinery  
  80  7:30  Refinery, Mag-Field Accelerator  
  80  7:36  SCV x2  
  82  7:38  SCV  
  82  7:39  Cyclone  
  89  7:48  SCV x2  
  91  7:55  SCV  
  91  7:56  Hellion x2  
  91  7:57  Engineering Bay  
  96  8:00  SCV x2  
  96  8:01  Starport  
  96  8:03  Cyclone  
  98  8:06  Supply Depot  
  98  8:08  Supply Depot  
  98  8:14  Cyclone  
  98  8:16  Armory  
  101  8:28  SCV x3, Liberator  
  101  8:32  Supply Depot  
  108  8:34  Hellion x2  
  108  8:35  Supply Depot, Cyclone  
  108  8:40  SCV x3  
  114  8:47  Factory  
  114  8:48  Factory  
  117  8:53  SCV x3, Cyclone  
  125  8:55  Hellion  
  125  8:56  Hellion  
  127  9:04  Supply Depot, Terran Vehicle Weapons Level 1  
  127  9:05  SCV  
  126  9:11  Cyclone  
  124  9:25  Command Center, Cyclone  
  124  9:28  Hellion x2  
  124  9:30  Liberator  
  131  9:32  Factory Tech Lab, Factory Reactor  
  131  9:38  Supply Depot  
  131  9:44  Cyclone  
  134  9:47  Supply Depot  
  134  9:48  Supply Depot  
  134  9:49  Hellion  
  134  9:50  Hellion  
  139  9:57  Cyclone  
  140  10:04  Supply Depot, Cyclone  
  140  10:05  Supply Depot  
  143  10:11  Hellion x2  
  143  10:12  Hellion  
  143  10:13  Hellion, Liberator  
  143  10:16  Cyclone  
  146  10:24  Refinery  
  146  10:29  Refinery  
  146  10:30  Hellion  
  147  10:41  Cyclone  
  147  10:42  Hellion x3  
  152  10:43  Hellion  
  151  10:53  Cyclone  
  151  10:54  Cyclone  
  151  11:05  Hellion x3  
  151  11:06  Hellion  
  153  11:13  Cyclone  
  147  11:26  Cyclone  
  147  11:28  Cyclone  
  147  11:29  Hellion x4  
  147  11:31  Planetary Fortress  
  161  11:37  Terran Vehicle Weapons Level 2  
  161  11:41  Armory  
  158  11:47  Command Center  
  158  11:52  Cyclone  
  158  11:53  Hellion x3  
  167  11:58  Cyclone  
  144  12:06  Cyclone  
  138  12:13  Starport Reactor  
  135  12:19  Hellion x4  
  143  12:23  Missile Turret  
  143  12:24  Cyclone  
  146  12:30  Fusion Core  
  146  12:31  Starport  
  146  12:32  Starport  
  146  12:42  Cyclone x2  
  152  12:51  Infernal Pre-Igniter  
  152  12:56  Cyclone  
  155  13:06  Terran Vehicle And Ship Armor Level 1  
  155  13:07  Starport Tech Lab  
  155  13:08  Starport Tech Lab  
  155  13:15  Command Center  
  155  13:23  Cyclone x2  
  161  13:28  Cyclone  
  161  13:31  Liberator  
  164  13:41  Refinery  
  167  13:48  Refinery  
  167  13:49  Missile Turret  
  159  13:55  Cyclone  
  159  13:56  Cyclone  
  159  14:00  Cyclone  
  133  14:10  Banshee x2  
  133  14:21  Hellion x4  
  126  14:28  Cyclone x2, Orbital Command  
  132  14:31  SCV x3  
  132  14:32  Cyclone  
  117  14:45  Hellion x2  
  115  14:57  Banshee  
  115  14:58  Banshee  
  121  15:00  Cyclone x2  
  124  15:09  SCV x3  
  125  15:20  Planetary Fortress  
  125  15:24  SCV x3  
  125  15:28  Orbital Command  
  128  15:35  Terran Vehicle And Ship Armor Level 2  
  128  15:40  Terran Ship Weapons Level 1  
  128  15:42  SCV x3  
  128  15:55  Cyclone  
  128  15:56  Cyclone x2  
  137  16:17  Refinery  
  134  16:23  Battlecruiser x2  
  146  16:28  Cyclone x2  
  152  16:38  Cyclone  
  155  16:41  Hellion x4  
  163  16:53  Command Center  
  163  17:00  Cyclone  
  166  17:05  Cyclone  
  166  17:06  Hellion x3  
  166  17:07  Hellion  
  174  17:10  Cyclone  
  185  17:34  Hellion x2  
Tags
 
Add a new tag
Caveats
  • Supply blocks, unpowered buildings, or Contaminate may cause inaccurate times.
  • Supply counts are checked every 10 seconds.